 Dungeon Crawl Stone Soup version 0.18-a0-844-g9229740 (webtiles) character file.

241 M4edhros the Sneak (level 6, 0/38 HPs)
             Began as an Octopode Artificer on Dec 18, 2015.
             Slain by an orc wizard
             ... wielding a +2 dagger of speed
              (5 damage)
             ... on level 6 of the Dungeon.
             The game lasted 00:03:52 (2364 turns).

M4edhros the Sneak (Octopode Artificer)             Turns: 2364, Time: 00:03:53

Health: 0/38       AC:  1    Str: 10      XL:     6   Next: 8%
Magic:  9/9        EV: 14    Int: 13 (16) God:
Gold:   76         SH:  0    Dex: 13      Spells: 0 memorised, 5 levels left

rFire  . . .     SeeInvis .     j - +0 rapier
rCold  . . .     Gourm    .     (no shield)
rNeg   . . .     Faith    .     (helmet restricted)
rPois  .         Spirit   .     (no amulet)
rElec  .         Dismiss  .     (no ring)
rCorr  .         Reflect  .     (no ring)
SustAt .         Harm     .     (no ring)
MR     .....                    (no ring)
Stlth  ++++......               (no ring)
                                (no ring)
                                (no ring)
                                (no ring)

@: not resistant to hostile enchantments, stealthy
A: almost no armour, amphibious, 8 rings, constrict 8, camouflage 1, gelatinous
body 1
a: no special abilities


You were on level 6 of the Dungeon.
You were not hungry.

You visited 1 branch of the dungeon, and saw 6 of its levels.

You collected 76 gold pieces.

Inventory:

Hand Weapons
 j - a +0 rapier (weapon)
 n - a +0 hunting sling
Missiles
 p - 5 stones (quivered)
Jewellery
 l - an uncursed amulet of rage {unknown}
Wands
 b - a wand of flame (9)
 c - a wand of enslavement (12)
 d - a wand of random effects (14)
Scrolls
 a - 3 scrolls of enchant armour {unknown}
 g - a scroll of random uselessness {unknown}
 h - 4 scrolls of identify {unknown}
 i - 2 scrolls of remove curse {unknown}
Potions
 e - 2 potions of brilliance
Comestibles
 f - a bread ration
 m - 2 chunks of flesh


   Skills:
 - Level 1.0 Fighting
 - Level 1.0 Short Blades
 * Level 4.2 Dodging
 * Level 5.3 Stealth
 + Level 4.2 Evocations


You had 5 spell levels left.
You didn't know any spells.

Dungeon Overview and Level Annotations

Branches:
Dungeon (6/15)
 Temple: D:4-7

Altars:
Gozag

Shops:
D:5 (

Annotations:
D:3 Jessica


Innate Abilities, Weirdness & Mutations

You cannot wear most types of armour.
You are amphibious.
You can wear up to eight rings at the same time.
You can use your tentacles to constrict eight enemies at once.
Your skin changes colour to match your surroundings (Stealth).
Your rubbery body absorbs attacks (AC +1).


Message History

The magic dart hits you!
You're too confused to move!
The orc hits you with a short sword.
The orc wizard hits you with a dagger of speed.
The orc wizard mumbles some strange words.
The orc wizard flickers and vanishes!
Deactivating autopickup; reactivate with Ctrl-A.
The orc completely misses you.
The orc wizard casts a spell.
The orc wizard seems to speed up.
The orc wizard casts a cantrip, but nothing happens.
The orc wizard hits you with a dagger of speed.
* * * LOW HITPOINT WARNING * * *
The hound skeleton bites you but does no damage.
You feel less confused.
The orc wizard hits you with a dagger of speed.
* * * LOW HITPOINT WARNING * * *
The hound skeleton bites you.
* * * LOW HITPOINT WARNING * * *
The orc wizard hits you with a dagger of speed.
You die...

............##
....?........#
.............#
.............#
.........)<..#
.....?>o{....#
.............#
.......Zo...##
.....#.@o..##
.....#######
..... ... ..?


You could see an orc wizard, 2 orcs and a hound skeleton.

Vanquished Creatures
  An ogre (D:4)
  A hound (D:4)
  Ijyb (D:2)
  2 worker ants
  2 adders
  An adder skeleton (D:4)
  An adder zombie (D:6)
  2 worms
  A giant gecko (D:1)
  2 orcs (D:4)
  A ball python (D:1)
  A goblin (D:1)
  6 hobgoblins (D:1)
  3 bats
  A giant newt (D:4)
  A kobold (D:2)
  A quokka skeleton (D:4)
  A rat (D:1)
29 creatures vanquished.

Vanquished Creatures (collateral kills)
  An orc (D:4)
1 creature vanquished.

Vanquished Creatures (others)
  An orc wizard (D:4)
1 creature vanquished.

Grand Total: 31 creatures vanquished

Notes
Turn   | Place    | Note
--------------------------------------------------------------
     0 | D:1      | M4edhros the Octopode Artificer began the quest for the Orb.
     0 | D:1      | Reached XP level 1. HP: 13/13 MP: 3/3
   164 | D:1      | Reached XP level 2. HP: 18/18 MP: 4/4
   322 | D:2      | Noticed Ijyb
   338 | D:2      | Killed Ijyb
   338 | D:2      | Reached XP level 3. HP: 14/23 MP: 5/5
   661 | D:3      | Noticed Jessica
   783 | D:4      | Reached skill level 4 in Stealth
   783 | D:4      | Reached XP level 4. HP: 13/28 MP: 6/6
   948 | D:4      | Noticed an orc warrior
   973 | D:4      | Noticed an ogre
   982 | D:4      | Killed an ogre
   982 | D:4      | Reached XP level 5. HP: 16/33 MP: 6/8
  1395 | D:4      | Reached skill level 5 in Stealth
  2060 | D:5      | Entered Level 5 of the Dungeon
  2068 | D:5      | Found an opulent altar of Gozag.
  2116 | D:5      | Found Wifar's Antique Weapon Shoppe.
  2167 | D:5      | Reached XP level 6. HP: 28/38 MP: 9/9
  2364 | D:6      | Slain by an orc wizard

Vault maps used:
D:1:      lightli_arrival_maybe_door_vault, kennysheep_crisscross
D:2:      first_bread, uniq_robin, uniq_iyjb
D:3:      tso_oasis_becter, old_standard_altar, uniq_jessica
D:4:      yredelemnul_forgotten_temple_becter, nicolae_dithmenos_the_darkroom,
          uniq_duvessa
D:5:      minmay_goblin_kobold_castle, grunt_gozag_statues, serial_shops,
          kennysheep_little_box
D:6:      serial_shops, shop, kennysheep_generic_room_3, uniq_blork_the_orc

Action                   |  1- 3 |  4- 6 || total
-------------------------+-------+-------++-------
Melee: Short sword       |    47 |       ||    47
       Rapier            |       |    32 ||    32
Evoke: Wand              |     2 |     8 ||    10
  Use: Potion            |       |     6 ||     6
 Stab: Sleeping          |     9 |     2 ||    11
  Eat: Bread ration      |       |     1 ||     1
